 Dungeon Crawl Stone Soup version 0.20.0-10-g0535bb4 (webtiles) character file.

2116 tognito the Cleaver (level 9, -9/70 HPs)
             Began as a Minotaur Berserker on June 4, 2017.
             Was an Elder of Trog.
             Mangled by Grum
             ... wielding a -1 glaive
              (21 damage)
             ... on level 8 of the Dungeon.
             The game lasted 00:09:51 (5061 turns).

tognito the Cleaver (Minotaur Berserker)            Turns: 5061, Time: 00:09:52

Health: -9/70      AC: 12    Str: 26    XL:     9   Next: 8%
Magic:  8/8        EV: 10    Int:  4    God:    Trog [****..]
Gold:   293        SH:  0    Dex:  9    Spells: 8/8 levels left

rFire    + . .     SeeInvis .   a - +0 war axe
rCold    x . .     Gourm    .   (no shield)
rNeg     . . .     Faith    .   v - +0 plate armour
rPois    .         Spirit   .   (helmet restricted)
rElec    .         Reflect  .   (no cloak)
rCorr    .         Harm     .   y - +0 pair of gloves (curse)
MR       .....                  (no boots)
Stlth    ..........             (no amulet)
Regen    0.3/turn               n - ring of fire
MPRegen  0.2/turn               r - +3 ring of evasion

@: no status effects
A: retaliatory headbutt, horns 2
a: Berserk, Trog's Hand, Brothers in Arms, Burn Spellbooks, Renounce Religion


You were on level 8 of the Dungeon.
You worshipped Trog.
Trog was greatly pleased with you.
You were very hungry.

You visited 1 branch of the dungeon, and saw 7 of its levels.

You collected 293 gold pieces.

Inventory:

Hand Weapons
 a - a +0 war axe (weapon)
Missiles
 k - 120 arrows
 p - 26 bolts
Armour
 v - a +0 plate armour (worn)
 y - a cursed +0 pair of gloves (worn)
 z - the +15 Maxwell's patent armour {-Cast -Tele rElec MR+ rCorr}
   (You found it on level 8 of the Dungeon)

   It insulates you from electricity.
   It affects your resistance to hostile enchantments.
   It prevents spellcasting.
   It prevents most forms of teleportation.
   It protects you from acid and corrosion.
Jewellery
 n - a ring of fire (left hand)
 r - a +3 ring of evasion (right hand)
Wands
 t - a wand of confusion (36/48)
Scrolls
 b - a scroll of enchant armour {unknown}
 d - 2 scrolls of teleportation {unknown}
 e - 4 scrolls of remove curse {unknown}
 g - 2 scrolls of fog {unknown}
 h - 6 scrolls of amnesia {unknown}
 j - 2 scrolls of fear {unknown}
 o - 4 scrolls of identify {unknown}
 s - a scroll of magic mapping {unknown}
 u - 2 scrolls of immolation {unknown}
Potions
 l - 3 potions of curing
 q - 3 potions of haste
 w - a potion of magic
 x - a potion of mutation {unknown}
Comestibles
 c - 6 bread rations
 f - 11 fruits
 i - 3 meat rations
 m - 2 royal jellies


   Skills:
 - Level 3.6 Fighting
 + Level 14.0 Axes
 - Level 2.4 Armour
 - Level 2.1 Dodging


You had 8 spell levels left.
You didn't know any spells.

Dungeon Overview and Level Annotations

Branches:
Dungeon (6/15)             Temple (0/1) D:5

Altars:
Dithmenos
Hepliaklqana
Ru
Sif Muna

Annotations:
D:6 2 runed doors
D:8 Grum


Innate Abilities, Weirdness & Mutations

You reflexively headbutt those who attack you in melee.
You have a pair of horns on your head.


Message History

The wolf is severely wounded.
You hit the wolf.
You kill the wolf!
Trog accepts your kill.
You have reached level 9!
Your experience leads to an increase in your attributes!
Increase (S)trength, (I)ntelligence, or (D)exterity?
You feel stronger.
The wolf bites you. x2; Grum hits you from afar with a glaive!
* * * LOW HITPOINT WARNING * * *
The wolf bites you but does no damage.
Found a potion of heal wounds.
You barely miss Grum. You slash the wolf!
You kill the wolf!
Trog accepts your kill.
Your Axes skill increases to level 14!
Grum hits you with a glaive.
* * * LOW HITPOINT WARNING * * *
You completely miss Grum. Grum hits you with a glaive!!
You die...

#...........####...≈≈≈
#.....##...#..##....≈≈
###.....##...#...##.....
.............#....##....
####.....#.####.....###..
...........#####......###
..#..........###.....
#..†...............
#...†@.......#
####g........#
#(........# .###.......
.. ...#... ... ......
...# ##... !... ###


You could see Grum.

Vanquished Creatures
  The ghost of MTVSty1e the Cleaver, a novice MiFi (D:5)
  Sigmund (D:5)
  2 ice beasts (D:5)
  3 phantoms
  3 ogres
  4 wolves (D:8)
  A scorpion (D:4)
  2 killer bees (D:5)
  2 crimson imps (D:5)
  2 hounds
  A centaur zombie (D:5)
  A jelly (D:5)
  An orc priest (D:5)
  3 worker ants
  A hound zombie (D:5)
  A howler monkey zombie (D:5)
  Robin (D:2)
  3 adders
  6 worms
  11 dart slugs
  4 leopard geckos
  7 orcs
  5 bats
  4 giant cockroaches
  12 goblins
  11 hobgoblins
  2 jackals (D:3)
  2 quokkas
  3 ball pythons
  3 frilled lizards (D:1)
  A jackal skeleton (D:5)
  4 kobolds
  A leopard gecko skeleton (D:4)
  2 quokka skeletons (D:6)
  9 rats
120 creatures vanquished.

Notes
Turn   | Place    | Note
-------+----------+-------------------------------------------
     0 | D:1      | tognito the Minotaur Berserker began the quest for the Orb.
     0 | D:1      | Reached XP level 1. HP: 19/19 MP: 0/0
   133 | D:1      | Reached skill level 4 in Axes
   168 | D:1      | Reached XP level 2. HP: 15/26 MP: 1/1
   553 | D:1      | Reached skill level 5 in Axes
   586 | D:1      | Reached ** piety under Trog
   721 | D:1      | Reached XP level 3. HP: 31/31 MP: 2/2
   908 | D:2      | Noticed Robin
   922 | D:2      | Killed Robin
  1227 | D:2      | Reached XP level 4. HP: 36/39 MP: 3/3
  1666 | D:2      | Reached skill level 6 in Axes
  2330 | D:3      | Found a shadowy altar of Dithmenos.
  2403 | D:3      | Found a hazy altar of Hepliaklqana.
  2511 | D:3      | Reached *** piety under Trog
  2790 | D:4      | Noticed an ogre
  2799 | D:4      | Killed an ogre
  2799 | D:4      | Reached skill level 7 in Axes
  2799 | D:4      | Reached XP level 5. HP: 27/45 MP: 4/4
  3085 | D:4      | Reached skill level 8 in Axes
  3085 | D:4      | Reached XP level 6. HP: 49/51 MP: 5/5
  3159 | D:4      | Reached skill level 9 in Axes
  3486 | D:4      | Reached XP level 7. HP: 43/57 MP: 6/6
  3536 | D:5      | Entered Level 5 of the Dungeon
  3586 | D:5      | Noticed Sigmund
  3596 | D:5      | Killed Sigmund
  3596 | D:5      | Reached skill level 10 in Axes
  3738 | D:5      | Reached **** piety under Trog
  3745 | D:5      | Reached skill level 11 in Axes
  3789 | D:5      | Noticed MTVSty1e's ghost (novice MiFi)
  3801 | D:5      | Killed MTVSty1e's ghost
  3801 | D:5      | Reached XP level 8. HP: 34/64 MP: 7/7
  3834 | D:5      | Reached skill level 12 in Axes
  4206 | D:5      | Found a sacrificial altar of Ru.
  4340 | D:5      | Found a staircase to the Ecumenical Temple.
  4342 | D:5      | Found a shadowy altar of Dithmenos.
  4749 | D:6      | Found a runed gate.
  4750 | D:6      | Found a runed door.
  4786 | D:6      | Reached skill level 13 in Axes
  4998 | D:6      | You fall through a shaft for 2 floors!
  4998 | D:8      | Found a deep blue altar of Sif Muna.
  5045 | D:8      | Noticed Grum
  5058 | D:8      | Reached XP level 9. HP: 32/70 MP: 8/8
  5060 | D:8      | Reached skill level 14 in Axes
  5061 | D:8      | Mangled by Grum

Skill      XL: |  1  2  3  4  5  6  7  8  9 |
---------------+----------------------------+-----
Axes           | 4 5 7 8 9 11 13 14 | 14.0
Fighting       | |  3.6
Armour         | |  2.4
Dodging        | |  2.1

Action                   |  1- 3 |  4- 6 |  7- 9 || total
-------------------------+-------+-------+-------++-------
Melee: Hand axe          |   102 |   131 |    46 ||   279
       Headbutt          |    14 |    20 |    26 ||    60
       War axe           |       |       |   121 ||   121
Invok: Burn Spellbooks   |     1 |       |     2 ||     3
       Berserk           |       |       |     2 ||     2
  Use: Potion            |     4 |     4 |     1 ||     9
  Eat: Chunk             |     1 |     7 |     6 ||    14
Armor: Animal skin       |     5 |       |       ||     5
       Scale mail        |    24 |     4 |       ||    28
       Chain mail        |       |    46 |       ||    46
       Plate armour      |       |       |    70 ||    70
Dodge: Dodged            |    51 |    51 |    70 ||   172
